 Dungeon Crawl Stone Soup version 0.18.1-6-gd335043 (webtiles) character file.

26 zeroDi the Sneak (level 3, -2/18 HPs)
             Began as a Vine Stalker Assassin on May 19, 2016.
             Slain by Terence
             ... wielding a +0 falchion
              (5 damage)
             ... on level 2 of the Dungeon.
             The game lasted 00:01:59 (511 turns).

zeroDi the Sneak (Vine Stalker Assassin)             Turns: 511, Time: 00:01:59

Health: -2/18      AC:  3    Str: 13    XL:     3   Next: 8%
Magic:  0/4        EV: 11    Int: 11    God:
Gold:   59         SH:  0    Dex: 16    Spells: 0 memorised, 2 levels left

rFire  . . .     SeeInvis .     a - +3 dagger
rCold  . . .     Gourm    .     c - +0 robe
rNeg   . . .     Faith    .     (no shield)
rPois  .         Spirit   +     (no helmet)
rElec  .         Dismiss  .     d - +0 cloak
rCorr  .         Reflect  .     (no gloves)
SustAt .         Harm     .     (no boots)
MR     .....                    (no amulet)
Stlth  +++.......               (no ring)
                                (no ring)

@: not resistant to hostile enchantments, fairly stealthy
A: fangs 2, regeneration 1, magic shield, antimagic bite, no device heal 3, rot
immunity
a: no special abilities


You were on level 2 of the Dungeon.
You were very full.

You visited 1 branch of the dungeon, and saw 2 of its levels.

You collected 59 gold pieces.


Innate Abilities, Weirdness & Mutations

You have extremely sharp teeth.
Your natural rate of healing is unusually fast.
When hurt, damage is shared between your health and your magic reserves.
Your bite disrupts and absorbs the magic of your enemies.
Potions and wands cannot restore your health.
You are immune to rotting.


   Skills:
 - Level 1.7 Fighting
 + Level 3.1 Short Blades
 - Level 1.7 Throwing
 - Level 0.7 Dodging
 - Level 4.8 Stealth


You had 2 spell levels left.
You didn't know any spells.

Inventory:

Hand Weapons
 a - a +3 dagger (weapon)
 b - a +0 blowgun
 o - a +2 dagger
Missiles
 e - 6 poisoned needles
 f - 2 curare-tipped needles {=f}
Armour
 c - a +0 robe (worn)
 d - a +0 cloak (worn)
 n - a +0 buckler
Jewellery
 j - a +1 ring of protection {unknown}
Scrolls
 h - a scroll of recharging {unknown}
 k - a scroll of immolation {unknown}
 l - a scroll of identify {unknown}
 q - a scroll of teleportation {unknown}
Potions
 i - a potion of flight {unknown}
 m - 2 potions of resistance {unknown}
 r - a potion of might {unknown}
 s - a potion of curing {unknown}
Comestibles
 g - a bread ration
 p - a meat ration
 t - a royal jelly

Dungeon Overview and Level Annotations

Branches:
Dungeon (2/15)

Altars:
The Shining One

Annotations:
D:2 Terence

#...........##......
#.###..####g........
#..####..#####..##..#
..........# #...#..#
...........# #...#..#
.####.#..#..# #.#.#..#
#.......#####......####
####..#.@...............
.......@#.#.####..#.#.##
####..###............(.(
#...........)..#.#.##
#.######.######...## #.
#># ##.## #.# #.# #.#
#.# #.# #.# ... #.#


You could see Terence and a goblin (wandering).


Message History

You closely miss Terence. You bite Terence, but do no damage.
Terence is heavily wounded.
Terence completely misses you.
You hit Terence but do no damage. You bite Terence, but do no damage.
Terence is heavily wounded.
Terence barely misses you.
You hit Terence but do no damage.
Terence is heavily wounded.
You hit Terence. You bite Terence, but do no damage.
Terence is severely wounded.
Terence hits you with a falchion.
* * * LOW HITPOINT WARNING * * *
You barely miss Terence.
Terence is severely wounded.
Terence hits you with a falchion.
* * * LOW HITPOINT WARNING * * *
You hit Terence.
Terence is almost dead.
Terence hits you with a falchion.
You die...

Action                   || total
-------------------------++-------
Melee: Dagger            ||    67
       Bite              ||    19
 Fire: Blowgun           ||     2
 Stab: Sleeping          ||     6
  Eat: Meat ration       ||     1
Armor: Robe              ||    10
Dodge: Dodged            ||    34

Vault maps used:
D:1:      wheals_arrival_shading, st_stairs_11, hangedman_abyss_or_decor_stabs
D:2:      lemuel_round_altar, uniq_terence

Notes
Turn   | Place    | Note
--------------------------------------------------------------
     0 | D:1      | zeroDi the Vine Stalker Assassin began the quest for the Orb.
     0 | D:1      | Reached XP level 1. HP: 11/11 MP: 2/2
    73 | D:1      | Reached skill level 2 in Short Blades
   123 | D:1      | Reached XP level 2. HP: 14/15 MP: 3/3
   418 | D:2      | Found a glowing golden altar of the Shining One.
   429 | D:2      | Reached skill level 3 in Short Blades
   429 | D:2      | Reached XP level 3. HP: 18/18 MP: 4/4
   480 | D:2      | Noticed Terence
   511 | D:2      | Slain by Terence

Vanquished Creatures
  A worm (D:2)
  A dart slug (D:1)
  3 bats (D:1)
  3 giant cockroaches (D:1)
  3 hobgoblins
  2 kobolds (D:1)
  A ball python (D:1)
  A giant newt (D:1)
  3 goblins (D:1)
  A rat (D:1)
19 creatures vanquished.
